 Dungeon Crawl Stone Soup version 0.22-a0-469-gf26638a71f (webtiles) character file.

270 Manul the Sneak (level 6, -3/43 HPs)
             Began as an Octopode Monk on June 11, 2018.
             Slain by Grinder (7 damage)
             ... while paralysed by Grinder
             ... on level 3 of the Dungeon.
             The game lasted 00:05:23 (3422 turns).

Manul the Sneak (Octopode Monk)                     Turns: 3422, Time: 00:05:23

Health: -3/43      AC:  1    Str: 10    XL:     6   Next: 22%
Magic:  6/6        EV:  2    Int: 12    God:
Gold:   79         SH:  0    Dex: 17    Spells: 5/5 levels left

rFire    . . .     SeeInvis .   d - +3 quarterstaff (chaos)
rCold    . . .     Gourm    .   (shield currently unavailable)
rNeg     . . .     Faith    .   (helmet restricted)
rPois    .         Spirit   .   e - amulet of inaccuracy (curse)
rElec    .         Reflect  .   k - ring of stealth
rCorr    .         Harm     .   (no ring)
MR       .....                  (no ring)
Stlth    +++++.....             (no ring)
HPRegen  0.14/turn              (no ring)
MPRegen  0.10/turn              (no ring)
                                (no ring)
                                (no ring)

@: paralysed
A: almost no armour, stealthy swim, amphibious, 8 rings, constrict 8, camouflage
1, gelatinous body 1
a: no special abilities


You were on level 3 of the Dungeon.
You were not hungry.

You visited 1 branch of the dungeon, and saw 3 of its levels.

You collected 79 gold pieces.

Inventory:

Hand Weapons
 a - a +1 spear
 d - a +3 quarterstaff of chaos (weapon)
 f - a +0 dagger of draining
 g - a +2 dagger of venom
 i - a +0 blowgun
Missiles
 m - 5 javelins (quivered)
 n - 21 poisoned needles
Jewellery
 e - a cursed amulet of inaccuracy (around mantle)
 h - a +5 amulet of reflection {unknown}
 k - a ring of stealth (left tentacle)
Scrolls
 c - a scroll of teleportation
 j - 3 scrolls of identify
 l - a scroll of enchant weapon
 q - 2 scrolls of remove curse {unknown}
Potions
 p - 3 potions of flight
Comestibles
 b - 8 rations
 o - 5 chunks of flesh


   Skills:
 + Level 3.7 Fighting
 + Level 1.2 Short Blades
 + Level 4.0(4.1) Polearms
 + Level 1.2(2.8) Staves
 + Level 1.0 Throwing
 + Level 4.2 Dodging
 + Level 4.7 Stealth


You had 5 spell levels left.
You didn't know any spells.
Your spell library was empty.

Dungeon Overview and Level Annotations

Branches:
Dungeon (3/15)

Altars:
Elyvilon
Nemelex Xobeh

Annotations:
D:3 Grinder


Innate Abilities, Weirdness & Mutations

You cannot wear most types of armour.
You are very stealthy in the water. (Stealth+)
You are amphibious.
You can wear up to eight rings at the same time.
You can use your tentacles to constrict eight enemies at once.
Your skin changes colour to match your surroundings (Stealth+).
Your rubbery body absorbs attacks. (AC +1, EV +1)


Message History

Grinder comes into view.
Grinder shouts!
Grinder gestures at you. Pain shoots through your body!
Grinder is nearby!
There is an open door here.
You hit Grinder. Lightning courses through Grinder! You grab Grinder.
Grinder is heavily wounded.
You constrict Grinder. Grinder gestures at you.
You suddenly lose the ability to move!
You lose your grip on Grinder.
Grinder hits you.
You writhe in agony.
Grinder hits you!
* * * LOW HITPOINT WARNING * * *
Grinder hits you!
* * * LOW HITPOINT WARNING * * *
Grinder gestures at you.
You shrug off the repeated paralysis!
Grinder hits you!
You die...

#.#....#.#.# #.#.##.......
#........#.#####)#.##)###...
####.######>....)))..........
#...........#######.##.#.....
###########.# #.##......# #.#
#.##......# ######.#
#.###.....#
#......#######.######..#
#......@5...............
#......#######........##
##...... ........... #.######
...#######. #. .. #. # . ...
#..g #...


You could see Grinder.

Vanquished Creatures
  A bullfrog (D:3)
  Crazy Yiuf (D:2)
  Robin (D:3)
  5 gnolls
  3 adders
  A worm (D:2)
  4 dart slugs
  2 leopard geckos
  A ball python (D:1)
  4 giant cockroaches
  19 goblins
  8 hobgoblins
  8 jackals
  6 kobolds
  A quokka (D:2)
  2 bats
  2 frilled lizards
  9 rats
78 creatures vanquished.

Notes
Turn   | Place    | Note
-------+----------+-------------------------------------------
     0 | D:1      | Manul the Octopode Monk began the quest for the Orb.
     0 | D:1      | Reached XP level 1. HP: 16/16 MP: 1/1
    35 | D:1      | Reached XP level 2. HP: 19/21 MP: 2/2
   121 | D:1      | Reached XP level 3. HP: 23/26 MP: 3/3
  1129 | D:2      | Reached XP level 4. HP: 30/31 MP: 4/4
  1293 | D:2      | Found a white marble altar of Elyvilon.
  1320 | D:2      | Found a sparkling altar of Nemelex Xobeh.
  1815 | D:3      | Noticed Robin
  1835 | D:3      | Noticed a bullfrog
  2364 | D:2      | Reached XP level 5. HP: 36/36 MP: 5/5
  2631 | D:2      | Found a runed door.
  2711 | D:2      | Noticed Crazy Yiuf
  2718 | D:2      | Killed Crazy Yiuf
  3340 | D:3      | Killed Robin
  3349 | D:3      | Reached skill level 1 in Short Blades
  3369 | D:3      | Reached skill level 1 in Staves
  3369 | D:3      | Reached skill level 1 in Throwing
  3369 | D:3      | Reached XP level 6. HP: 37/43 MP: 6/6
  3415 | D:3      | Noticed Grinder
  3417 | D:3      | Paralysed by Grinder for 6 turns
  3422 | D:3      | Slain by Grinder

Vault maps used:
D:1:      sevenhm_arrival_forest_fort_small_3
D:2:      nemelex_xobeh_ov_fountains_minmay, elyvilon_altar_4,
          uniq_crazy_yiuf_cottage
D:3:      uniq_grinder, uniq_robin

Skill      XL: |  1  2  3  4  5 |
---------------+----------------+-----
Stealth        | 3 4 |  4.7
Polearms       | 4 |  4.0
Dodging        | 4 |  4.2
Short Blades   | 1 |  1.2
Staves         | 1 |  1.2
Throwing       | 1 |  1.0
Fighting       | |  3.7

Action                   |  1- 3 |  4- 6 || total
-------------------------+-------+-------++-------
Melee: Spear             |    55 |    32 ||    87
       Constrict         |    15 |    34 ||    49
       Tentacles         |     6 |    21 ||    27
       Dagger            |    27 |    54 ||    81
       Quarterstaff      |       |    32 ||    32
Throw: Javelin           |       |     1 ||     1
  Use: Scroll            |     4 |     1 ||     5
       Potion            |       |     4 ||     4
 Stab: Sleeping          |     7 |     6 ||    13
  Eat: Chunk             |     1 |     7 ||     8
Armor: Skin              |     5 |     5 ||    10
Dodge: Dodged            |    47 |    81 ||   128

Table legend:
 A = Spawn XP
 B = Non-spawn XP
 C = Spawn XP percentage of total XP
 D = Spawn monster count
 E = Non-spawn monster count
 F = Spawn count percentage of total count
 G = Total turns spent on level
                    A         B        C        D         E        F      G
               +---------+---------+-------+---------+---------+-------+---------
         Total |       0 |     387 |   0.0 |       0 |      78 |   0.0 |  3422
               +---------+---------+-------+---------+---------+-------+---------
           D:1 |       0 |      52 |   0.0 |       0 |      20 |   0.0 |   989
           D:2 |       0 |     167 |   0.0 |       0 |      27 |   0.0 |  1621
           D:3 |       0 |     168 |   0.0 |       0 |      31 |   0.0 |   812
               +---------+---------+-------+---------+---------+-------+---------
